 Dungeon Crawl Stone Soup version 0.17-a0-755-g4391640 (console) character file.

35 sose the Magician (level 3, 0/16 HPs)
             Began as a Vine Stalker Wizard on Apr 22, 2015.
             Slain by an adder (2 damage)
             ... on level 2 of the Dungeon.
             The game lasted 00:03:50 (1290 turns).

sose the Magician (Vine Stalker Wizard)             Turns: 1290, Time: 00:03:50

Health: 0/16       AC:  4    Str:  9    XL:     3   Next: 35%
Magic:  0/8        EV: 12    Int: 19    God:
Gold:   55         SH:  0    Dex: 12    Spells: 4 memorised, 1 level left

rFire  . . .     SeeInvis .     e - +0 dagger
rCold  . . .     Clarity  .     a - +0 robe
rNeg   . . .     SustAb   .     (no shield)
rPois  .         Gourm    .     b - +0 hat
rElec  .         Spirit   +     (no cloak)
rCorr  .         Warding  .     (no gloves)
rMut   .         Stasis   .     n - +0 pair of boots
MR     .....                    (no amulet)
Stlth  ++........               (no ring)
                                (no ring)

@: not resistant to hostile enchantments, unstealthy
A: fangs 2, regeneration 1, shaggy fur 1, magic shield, antimagic bite, no
device heal 3, rot immunity
a: no special abilities


You were on level 2 of the Dungeon.
You were very hungry.

You visited 1 branch of the dungeon, and saw 2 of its levels.

You collected 55 gold pieces.

Inventory:

Hand weapons
 e - a +0 dagger (weapon)
Armour
 a - a +0 robe (worn)
 b - a +0 hat (worn)
 n - a +0 pair of boots (worn)
Scrolls
 f - 2 scrolls of noise {unknown}
 g - a scroll of remove curse {unknown}
 i - 3 scrolls of identify {unknown}
 k - a scroll of blinking {unknown}
 o - a scroll of teleportation {unknown}
 p - a scroll of fog {unknown}
Potions
 h - 2 potions of poison {unknown}
 j - a potion of resistance {unknown}
 l - a potion of flight {unknown}
 m - 2 potions of curing {unknown}
Books
 c - a book of Minor Magic

   Spells                             Type                      Level
   a - Magic Dart                     Conjuration                  1
   b - Blink                          Translocation                2
   c - Call Imp                       Summoning                    2
   d - Repel Missiles                 Charms/Air                   2
   e - Slow                           Hexes                        2
   f - Conjure Flame                  Conjuration/Fire             3
   g - Mephitic Cloud                 Conjuration/Poison/Air       3
Comestibles
 d - a bread ration
 q - a royal jelly


   Skills:
 - Level 1.5 Dodging
 - Level 2.4 Stealth
 - Level 3.2 Spellcasting
 - Level 3.0 Conjurations
 + Level 1.3 Summonings
 - Level 1.0 Translocations


You had one spell level left.
You knew the following spells:

 Your Spells              Type           Power        Failure   Level  Hunger
a - Magic Dart            Conj           ##..         6%          1    None
b - Blink                 Tloc           N/A          17%         2    ##.....
c - Call Imp              Summ           #.......     14%         2    ##.....
d - Repel Missiles        Chrm/Air       #.....       24%         2    ##.....


Dungeon Overview and Level Annotations

Branches:
Dungeon (2/15)

Altars:
Cheibriados


Innate Abilities, Weirdness & Mutations

You have extremely sharp teeth.
Your natural rate of healing is unusually fast.
You are covered in fur (AC +1).
When hurt, damage is shared between your health and your magic reserves.
Your bite disrupts and absorbs the magic of your enemies.
Potions and wands cannot restore your health.
You are immune to rotting.


Message History

You feel sick. The adder closely misses you.
You hit the adder.
The adder is severely wounded.
The adder bites you.
* * * LOW HITPOINT WARNING * * *
You hit the adder. Your bite misses the adder.
The adder is severely wounded.
The adder closely misses you. The adder bites you.
* * * LOW HITPOINT WARNING * * *
You barely miss the adder.
The adder is severely wounded.
The adder misses you.
You feel sick. The adder closely misses you.
You feel sick. The adder bites you but does no damage.
You feel sick.
You are no longer poisoned.
The adder bites you.
You die...

)..##....[......## #.#
...+#.####.##....####.#
...##.#..#.##....'....#
.#.##.#..#.##....##########.#
.#.##.#..#.##.##............#
.#.##.#..#.##+##.############
.#.##.#..#.......#
.#.......#......S#
.####.#.##..รท...@#
.#...............###
.#.##.##.####....).#
....#............#.#
.########.########.#############
..........#....................#
#####..###########.###########.#
#............#.# #.#
#.##########.#.# #.#


You could see an adder.

Vanquished Creatures
  An ooze (D:1)
  A giant gecko (D:1)
  A giant cockroach (D:2)
  2 goblins
  4 hobgoblins
  4 jackals (D:1)
  5 kobolds
  A quokka (D:2)
  4 bats
  2 giant newts (D:1)
  5 rats (D:1)
30 creatures vanquished.

Notes
Turn   | Place    | Note
--------------------------------------------------------------
     0 | D:1      | sose, the Vine Stalker Wizard, began the quest for the Orb.
     0 | D:1      | Reached XP level 1. HP: 9/9 MP: 5/5
     6 | D:1      | Noticed a black mamba
     6 | D:1      | Noticed a fire drake
     6 | D:1      | Noticed a polar bear
     6 | D:1      | Noticed a hog
     8 | D:1      | Noticed a swamp worm
   148 | D:1      | Reached XP level 2. HP: 5/13 MP: 1/7
   299 | D:1      | Found a snail-covered altar of Cheibriados.
   324 | D:1      | Learned a level 2 spell: Blink
   327 | D:1      | Learned a level 2 spell: Call Imp
   330 | D:1      | Learned a level 2 spell: Repel Missiles
   523 | D:1      | Reached XP level 3. HP: 16/16 MP: 6/8
  1290 | D:2      | Slain by an adder

Action                   || total
-------------------------++-------
Melee: Unarmed           ||    98
       Dagger            ||    79
 Cast: Magic Dart        ||    20
 Stab: Sleeping          ||     1
